[Event "Early-Titled-Tuesday-Blitz-August-29-2023"]
[Site "Chess.com"]
[Date "2023.08.29"]
[Round "10"]
[White "CFalcons8"]
[Black "workhard91"]
[Result "1/2-1/2"]
[WhiteElo "2251"]
[BlackElo "2445"]
[TimeControl "180+1"]
[EndTime "9:54:43 PDT"]
[Termination "Game drawn - insufficient material"]

1. e4 c5 2. Nf3 Nc6 3. d4 cxd4 4. Nxd4 Nf6 5. Nc3 e5 6. Ndb5 d6 7. Bg5 a6 8. Na3 b5 9. Nd5 Be7 10. Bxf6 Bxf6 11. c4 b4 12. Nc2 a5 13. g3 Rb8 14.
Bg2 O-O 15. h4 g6 16. b3 Bg7 17. h5 f5 18. hxg6 hxg6 19. exf5 Bxf5 20. Nce3 Qg5 21. Rc1 Nd4 22. Qd2 e4 23. Nxf5 Qxd2+ 24. Kxd2 gxf5 25.
Ke3 Rb7 26. Rcd1 Ne6 27. Rh5 Be5 28. Bh3 Ng7 29. Rg5 Bf6 30. Rg6 Be5 31. Nf4 Kf7 32. Rh6 a4 33. Rd5 axb3 34. axb3 Ra8 35. Nh5 Ra2 36.
Nxg7 Kxg7 37. Re6 Rb2 38. Bxf5 Rxb3+ 39. Kxe4 Rb1 40. Rg6+ Kf8 41. Kf3 Rh1 42. Be4 Rh2 43. Ke3 b3 44. f4 Bc3 45. Rf5+ Rf7 46. Rxf7+ Kxf7 47. Rxd6 b2 48. Rb6 Rh3 49. Rb7+ Ke8 50. Kf3 Bd4 51. Kg4 Rh2 52. Bg6+ Kd8 53. Kf5 Re2 54.
g4 Re1 55. Kg5 Rf1 56. Be4 Be3 57. Rb8+ Kc7 58. Rxb2 Rxf4 59. Rb7+ Kc8 60. Kg6 Rxe4 61. Rf7 Rxc4 62. g5 Rc5 63. Rf5 Rc6+ 64. Rf6 Rc4 65. Rf5 Kd7 66. Kf7 Rg4 67. g6 Bd4 68. Rd5+ Kc6 69.
Rxd4 Rxd4 70. g7 Rf4+ 71. Ke7 Rg4 72. Kf8 Kd7 73. g8=Q Rxg8+ 74. Kxg8 1/2-1/2

[Event "Early-Titled-Tuesday-Blitz-August-29-2023"]
[Site "Chess.com"]
[Date "2023.08.29"]
[Round "10"]
[White "Alphafischer2019"]
[Black "gm_rashid"]
[Result "0-1"]
[WhiteElo "2503"]
[BlackElo "2392"]
[TimeControl "180+1"]
[EndTime "9:54:45 PDT"]
[Termination "gm_rashid won by checkmate"]

1. Nf3 Nf6 2. g3 g6 3. Bg2 Bg7 4. O-O O-O 5. b3 d6 6. Bb2 Nc6 7. d4 e5 8. dxe5 Ng4 9. c4 dxe5 10. h3 Nh6 11. Qc1 f5 12. Rd1 Qf6 13. Na3 a6 14. c5 Nf7 15. Nc4 Be6 16. Qc2 Rad8 17. Rxd8 Rxd8 18.
Rd1 Nb4 19. Rxd8+ Qxd8 20. Qb1 e4 21. Nfe5 Bxc4 22. Nxc4 Bxb2 23. Qxb2 Qd1+ 24. Bf1 Qd5 25. a3 Nc6 26. e3 Qxc5 27. b4 Qd5 28. a4 Nfe5 29.
Nxe5 Nxe5 30. Qc3 c6 31. Kg2 b5 32. axb5 axb5 33. Qa3 Qd7 34. Qa8+ Kg7 35. Qb8 Nd3 36. h4 Qe7 37. Qc8 Nxb4 38. Be2 Nd3 39. Qxc6 b4 40. Bxd3 exd3 41. Qb5 Qe4+ 42. f3 Qxe3 43.
Qxb4 d2 44. Qb7+ Kf6 45. Qc6+ Ke5 46. f4+ Kd4 47. Qb6+ Kd3 48. Qb5+ Kc2 49. Qc4+ Qc3 50. Qe2 Qc6+ 51. Kh2 Qe4 52. Qf2 Kc1 53. Qc5+ Qc2 54. Qe3 Kb2 55. Qb6+ Qb3 56. Qd4+ Kc2 57. Qf2 Qd3 58.
Qc5+ Kd1 59. Qg1+ Kc2 60. Qc5+ Qc3 61. Qf2 Kc1 62. Qf1+ d1=Q 63. Qe2 Qxe2+ 64. Kh3 Qce1 65. g4 Qxg4+ 66. Kh2 Qeg3+ 67. Kh1 Q3xh4# 0-1

[Event "Early-Titled-Tuesday-Blitz-August-29-2023"]
[Site "Chess.com"]
[Date "2023.08.29"]
[Round "10"]
[White "M1711"]
[Black "VerdeNotte"]
[Result "0-1"]
[WhiteElo "2562"]
[BlackElo "2880"]
[TimeControl "180+1"]
[EndTime "9:54:48 PDT"]
[Termination "VerdeNotte won on time"]

1. e4 d6 2. d4 Nf6 3. Nc3 g6 4.
f4 a6 5. Nf3 b5 6. Bd3 Bb7 7. e5 b4 8. exf6 bxc3 9. bxc3 e6 10. Rb1 Bc6 11. O-O Qxf6 12. c4 Be7 13. d5 exd5 14. Bb2 d4 15. Bxd4 Bxf3 16. Bxf6 Bxd1 17.
Bxh8 Bg4 18. Be4 c6 19. Bc3 Be2 20. Rfe1 Bxc4 21. f5 Kf8 22. Rb7 d5 23. Bf3 Bc5+ 24. Kh1 a5 25. Rc7 Na6 26. Rxc6 gxf5 27. Re5 Rb8 28. h3 Bf2 29. Kh2 f4 30. Rg5 Bg3+ 31. Rxg3 fxg3+ 32. Kxg3 Nb4 33. Rd6 Bxa2 34. Bxb4 Rxb4 35.
Kf2 Rb2 36. Ke3 Rxc2 37. Bxd5 Bxd5 38. Rxd5 Rxg2 39. Rxa5 Rg3+ 40. Kf4 Rxh3 41. Ra7 Kg7 42. Kg4 Rb3 43. Ra5 Rb4+ 44. Kg3 Kg6 45. Rc5 h5 46. Ra5 h4+ 47. Kh3 Rf4 48. Rd5 Rf5 49. Rd4 Rh5 50. Rf4 f6 51. Rf2 Rh8 52. Rf4 Kf7 53. Rf2 Rh6 54.
Rf1 Ke6 55. Re1+ Kd5 56. Kg4 h3 57. Rd1+ Ke4 58. Re1+ Kd3 59. Rh1 h2 60. Kf3 Kd4 61. Kf4 Rh5 62. Kg4 Rg5+ 63. Kf4 Rg2 64. Kf5 Rf2+ 65. Kg4 Ke3 66. Kg3 f5 67. Kh3 Kf3 68. Re1 f4 69. Rb1 Re2 70. Rf1+ Ke3 71. Kg4 Rg2+ 72.
Kh3 Rg1 0-1

[Event "Early-Titled-Tuesday-Blitz-August-29-2023"]
[Site "Chess.com"]
[Date "2023.08.29"]
[Round "10"]
[White "Angry_Twin"]
[Black "Bauman_Guy"]
[Result "0-1"]
[WhiteElo "2944"]
[BlackElo "2831"]
[TimeControl "180+1"]
[EndTime "9:54:49 PDT"]
[Termination "Bauman_Guy won on time"]

1. d4 Nf6 2. c4 b6 3. Nf3 Bb7 4.
g3 g6 5. Bg2 Bg7 6. O-O O-O 7.
d5 e6 8. Nc3 a5 9. Nd4 e5 10.
Nc2 d6 11. e4 Nbd7 12. b3 Nc5 13. Rb1 Bc8 14. h3 Bd7 15. Be3 Ne8 16. Qd2 f5 17.
exf5 Bxf5 18. Bxc5 bxc5 19. Rbe1 Nf6 20. Ne3 Bd7 21. Kh2 a4 22. Qc2 axb3 23. axb3 Ra5 24. Ra1 Qa8 25. Rxa5 Qxa5 26. Ne4 Nxe4 27. Bxe4 Bh6 28.
Ng4 Qd2 29. Nxh6+ Qxh6 30. Bg2 Ra8 31. f4 Bf5 32. Qb2 exf4 33. Rxf4 Qg7 34. Rf2 Qd4 35. Qxd4 cxd4 36. Rd2 Ra3 37. g4 Bd7 38. b4 Rc3 39.
Rxd4 Ba4 40. Bf1 g5 41. Re4 Kf7 42. Kg2 Bc2 43. Rd4 Kf6 44. Rd2 Be4+ 45. Kf2 Ke5 46.
Ra2 Kf4 47. Rd2 h6 48. Ra2 Bf3 49. Rd2 Be4 50. Rb2 Bc2 51. Be2 Bb3 52. b5 Bxc4 53. Bxc4 Rxc4 54. b6 cxb6 55. Rxb6 Rc2+ 56. Kg1 Ke5 57.
Rb7 Kxd5 58. Rh7 Ke4 59. Rxh6 d5 60. Re6+ Kf3 61. Re5 d4 62. Rxg5 d3 63. Rd5 Ke3 64. g5 d2 65. h4 Rc4 66. Rxd2 Kxd2 67. Kf2 Rxh4 68. Kf3 Ra4 69. g6 Ra6 70. g7 Rg6 0-1

[Event "Early-Titled-Tuesday-Blitz-August-29-2023"]
[Site "Chess.com"]
[Date "2023.08.29"]
[Round "10"]
[White "TrenerChos"]
[Black "Preobrazhenska_D2011"]
[Result "1-0"]
[WhiteElo "2574"]
[BlackElo "2339"]
[TimeControl "180+1"]
[EndTime "9:54:49 PDT"]
[Termination "TrenerChos won on time"]

1. Nf3 Nf6 2. d4 b6 3. g3 e6 4.
Bg2 d5 5. O-O Be7 6. c4 c6 7.
Nc3 O-O 8. Qd3 Ba6 9. Ne5 dxc4 10. Qd1 Qc7 11. Bf4 Bd6 12. Rc1 b5 13. a3 Bb7 14. a4 a6 15. Qd2 Nd5 16. Nxd5 cxd5 17. e4 b4 18. exd5 exd5 19. Nxc4 dxc4 20. Bxd6 Qxd6 21.
Bxb7 Ra7 22. Bg2 Rc7 23. Rfe1 Nd7 24. h4 Nb6 25. a5 Nd7 26. Qf4 Qxf4 27. gxf4 Nf6 28.
Re5 Rd8 29. Rc5 Rxc5 30. dxc5 Rd4 31. c6 Ne8 32. Re1 Rd8 33. Bf1 c3 34. bxc3 bxc3 35. Rc1 Nc7 36. Rxc3 Kf8 37. Rb3 Rd6 38. Bg2 Rd1+ 39.
Kh2 Ke7 40. Rb7 Kd6 41. Rb8 Ke7 42. Rc8 Ne6 43. f5 Nd4 44. c7 Rc1 45. Rd8 Rxc7 46. Rxd4 Rc5 47. Rd5 Rc2 48. Rd4 Rxf2 49. Kg3 Rxf5 50.
Ra4 Rc5 51. Bb7 Rc3+ 52. Kf4 Rh3 53. Kg4 Rb3 54. Bxa6 Kd6 55. Bf1 Rb1 56. Bg2 Kc7 57.
a6 Rg1 58. Kg3 Rc1 59. a7 Rc3+ 60. Kh2 Kb6 61. a8=Q 1-0

[Event "Early-Titled-Tuesday-Blitz-August-29-2023"]
[Site "Chess.com"]
[Date "2023.08.29"]
[Round "10"]
[White "queen_iryna"]
[Black "laskakid"]
[Result "1/2-1/2"]
[WhiteElo "2329"]
[BlackElo "2166"]
[TimeControl "180+1"]
[EndTime "9:54:49 PDT"]
[Termination "Game drawn by repetition"]

1. e4 e5 2. Nf3 Nc6 3. Bb5 a6 4. Ba4 Nf6 5. Bxc6 dxc6 6. d3 Bd6 7. b3 c5 8. Bb2 Qe7 9. Nbd2 b5 10. Nf1 Bb7 11. Ne3 g6 12. O-O Nd7 13. a4 O-O 14.
Re1 f6 15. Qe2 Nb6 16. axb5 axb5 17. c3 Qe6 18. Qc2 Bc6 19. h3 Rfb8 20. Ng4 Be8 21. d4 cxd4 22. cxd4 Nd7 23. dxe5 Nxe5 24. Ngxe5 fxe5 25. Qc3 b4 26. Qc2 Bf7 27. Re3 h6 28. Nd2 Rxa1+ 29. Bxa1 Ra8 30. Bb2 Ra2 31. Nc4 Bc5 32.
Rd3 Bd4 33. Qc1 Qc6 34. Bxd4 exd4 35. Qxh6 Qf6 36. Rf3 Qg7 37. Qxg7+ Kxg7 38. Ne5 Be6 39. Kh2 c5 40. Kg3 Rb2 41. Kf4 Rxb3 42. Rxb3 Bxb3 43.
Nd3 Bc2 44. Nxc5 b3 45. Nxb3 Bxb3 46. e5 Bd5 47. f3 Kf7 48. g4 Ke6 49. h4 d3 50. Ke3 Kxe5 51. Kxd3 Kf4 52. h5 g5 53. h6 Bg8 54. Ke2 Bh7 55. Kf2 Bg6 56. Kg2 Bd3 57.
Kf2 Bc2 58. Kg2 Bd3 59. Kf2 Ke5 60. Ke3 Bc2 61. Kd2 Bg6 62. Ke3 Bh7 63. Kf2 Kf4 64.
Kg2 Bg6 65. Kf2 Bh7 66. Kg2 Ke3 67. Kg3 Bg6 68. Kg2 Ke2 69. Kg3 Ke3 70. Kg2 Ke2 71.
Kg3 Ke3 1/2-1/2

[Event "Early-Titled-Tuesday-Blitz-August-29-2023"]
[Site "Chess.com"]
[Date "2023.08.29"]
[Round "10"]
[White "Sl4werThanYou"]
[Black "Fandorine"]
[Result "1-0"]
[WhiteElo "2762"]
[BlackElo "2939"]
[TimeControl "180+1"]
[EndTime "9:54:54 PDT"]
[Termination "Sl4werThanYou won by resignation"]

1. d4 Nf6 2. Nf3 g6 3. g3 Bg7 4. Bg2 O-O 5. O-O d6 6. a4 a5 7.
Nc3 Nc6 8. e4 Bg4 9. Be3 Nd7 10.
h3 Bxf3 11. Bxf3 e5 12. d5 Nb4 13. Bg2 f5 14. f4 exf4 15. Bxf4 Ne5 16. exf5 gxf5 17.
Qe2 Qd7 18. Nb5 Rae8 19. c3 Ned3 20. Qd2 Nxf4 21. Qxf4 Nd3 22. Qd2 Nc5 23. Qc2 Re3 24.
Rf3 f4 25. Raf1 Rxf3 26. Rxf3 fxg3 27. Rxg3 Kh8 28. Nd4 Be5 29. Rg4 Qf7 30. Ne6 Nxe6 31. dxe6 Qxe6 32. Bxb7 d5 33. Kg2 c6 34. Qe2 Re8 35. Rg5 Qf6 36. h4 h6 37. Bxc6 hxg5 38. Qh5+ Kg7 39. Qxe8 gxh4 40. Qd7+ Kh6 41. Qxd5 Qg5+ 42.
Kf1 Qf4+ 43. Qf3 Qc1+ 44. Kg2 Qd2+ 45. Qf2 Qg5+ 46. Kh3 Bf6 47. Be4 Qe5 48. Qe3+ Bg5 49. Qf3 Kg7 50. b4 axb4 51. cxb4 Bf6 52. a5 Qa1 53.
Qg4+ Kf8 54. Qc8+ Kg7 55. Qd7+ Kh6 56. Qf5 Qc3+ 57. Bf3 Kg7 58. Qg4+ Kf8 59. a6 Qe3 60. Qf5 Kg7 61. Qg4+ Kf8 62. Qf5 Kg7 63. Qd7+ Kh6 64.
Qc6 Qe5 65. Kg2 Qg3+ 66. Kf1 Kg5 67. Qd5+ Kh6 68. a7 Qh3+ 69. Bg2 Qc8 70. a8=Q Qc1+ 71. Kf2 Qb2+ 72. Kf3 Qc3+ 73. Ke4 Qc2+ 74. Ke3 Qc3+ 75. Qd3 Qc1+ 76. Ke2 Qb2+ 77. Qd2+ 1-0

[Event "Early-Titled-Tuesday-Blitz-August-29-2023"]
[Site "Chess.com"]
[Date "2023.08.29"]
[Round "10"]
[White "DawidCzerw"]
[Black "Aleksandar-Topalov"]
[Result "0-1"]
[WhiteElo "2481"]
[BlackElo "2377"]
[TimeControl "180+1"]
[EndTime "9:54:54 PDT"]
[Termination "Aleksandar-Topalov won by resignation"]

1. e4 e6 2. d4 d5 3. Nc3 Bb4 4. e5 Qd7 5. Qg4 Bf8 6. Nf3 b6 7.
a4 Ba6 8. Bb5 c6 9. Bxa6 Nxa6 10. O-O Nb4 11. Ne1 a6 12. Ne2 c5 13. c3 Nc6 14. f4 h5 15. Qh3 g6 16. g4 Bg7 17. gxh5 Rxh5 18. Qg2 Nge7 19. Nf3 Nf5 20. Ng3 Nh4 21. Nxh4 Rxh4 22. Be3 cxd4 23. Bxd4 Nxd4 24. cxd4 O-O-O 25. a5 b5 26. Rac1+ Kb7 27. Rc5 Bf8 28.
Rc2 Rc8 29. Rfc1 Rxc2 30. Qxc2 Bb4 31. Ne2 Bxa5 32. Qc5 Rh8 33. Ng3 Bb6 34. Qb4 Rh4 35. Ne2 Rh8 36. Kg2 Qd8 37. Qc3 Qd7 38. Qb3 Qe7 39.
Qc3 Qe8 40. b3 Qd7 41. Ng3 Rh4 42. Ne2 Rh8 43. Rc2 Rc8 44. Qxc8+ Qxc8 45. Rxc8 Kxc8 46. Kf3 a5 47. Ke3 Kb7 48. Kd3 Ka6 49. Kc3 Bd8 50. Nc1 Bh4 51. Nd3 Be7 52. Kc2 a4 53. Kb2 Ka5 54.
Kc2 Bb4 55. Kb2 a3+ 56. Ka2 Bc3 57. Kb1 Bxd4 58. Ka2 Ka6 59. Kxa3 Kb6 60. Kb4 Be3 61. Kc3 Kc6 62. Nb4+ Kb6 63. Nd3 Kc6 64. Ne1 Bxf4 65. Nd3 Bxh2 66. Nb4+ Kc5 67. Nd3+ Kb6 68. b4 Bg3 69.
Kd4 g5 70. Ke3 Bf4+ 71. Kf3 Bd2 72. Kg4 Kc6 73. Kh5 Kd7 74. Kh6 Ke7 75. Nc5 g4+ 76. Kh5 g3 77. Nd3 g2 0-1

[Event "Early-Titled-Tuesday-Blitz-August-29-2023"]
[Site "Chess.com"]
[Date "2023.08.29"]
[Round "10"]
[White "joppie2"]
[Black "BillieKimbah"]
[Result "1-0"]
[WhiteElo "2969"]
[BlackElo "3034"]
[TimeControl "180+1"]
[EndTime "9:54:56 PDT"]
[Termination "joppie2 won by checkmate"]

1. e4 e5 2. Nf3 Nc6 3. Bc4 Nf6 4. d4 exd4 5. e5 d5 6. Bb5 Ne4 7. Nxd4 Bc5 8. Be3 O-O 9. Nxc6 bxc6 10. Bxc5 Nxc5 11.
Bxc6 Rb8 12. Qxd5 Qe7 13. O-O Rxb2 14. Nc3 Rxc2 15. Qd4 Ne6 16. Qe3 Qc5 17. Qxc5 Nxc5 18. Rfc1 Rxc1+ 19. Rxc1 Nd3 20. Rb1 Nxe5 21. Be4 Be6 22.
Rb7 f5 23. Bc2 Rd8 24. f4 Ng4 25. Rxc7 Rd2 26. Bd1 Ne3 27. Bf3 Rc2 28. Re7 Rxc3 29. Rxe6 a5 30. h3 Kf7 31. Ra6 Ra3 32. Kf2 Nc2 33.
Bd5+ Ke7 34. Ra7+ Kd6 35. Bg8 Nb4 36. Rxg7 Nxa2 37. Bxh7 Nc3 38. Bxf5 a4 39. Ra7 Nd5 40. g3 Ra2+ 41. Kf3 Ra3+ 42. Kg4 Ra1 43. Kg5 a3 44.
Bh7 a2 45. Bg8 Rg1 46. Bxd5 a1=Q 47. Rxa1 Rxa1 48. Be4 Ra3 49. Kg4 Ke6 50. h4 Kf6 51. h5 Ra4 52. Bd3 Rd4 53. Bg6 Rc4 54. Kf3 Rc3+ 55.
Kf2 Rc4 56. Ke3 Rc3+ 57. Bd3 Rc1 58. g4 Rg1 59. g5+ Kf7 60. h6 Kg8 61. Ke4 Rd1 62. Bc4+ Kh7 63. Ke5 Rc1 64. Be6 Rc5+ 65. Kf6 Rc6 66. f5 Ra6 67. Ke7 Ra7+ 68. Bd7 Ra6 69. f6 Ra1 70. f7 Re1+ 71. Be6 Rf1 72. f8=Q Rf6 73. Qg8# 1-0

[Event "Early-Titled-Tuesday-Blitz-August-29-2023"]
[Site "Chess.com"]
[Date "2023.08.29"]
[Round "10"]
[White "WhiteKnight2612"]
[Black "Rud_Makarian"]
[Result "1-0"]
[WhiteElo "2852"]
[BlackElo "3007"]
[TimeControl "180+1"]
[EndTime "9:55:02 PDT"]
[Termination "WhiteKnight2612 won by resignation"]

1. d4 Nf6 2. c4 e6 3. Nf3 d5 4. Nc3 Be7 5. Bf4 O-O 6. e3 Nbd7 7. c5 Ne4 8. Nxe4 dxe4 9. Nd2 e5 10. Bg3 exd4 11.
exd4 f5 12. Bc4+ Kh8 13. Bf4 g5 14. Bg3 f4 15. Nxe4 Qe8 16. Qe2 Qg6 17. O-O-O Nf6 18. Nc3 Qg7 19. Rde1 Re8 20. Nb5 Bf8 21. Qxe8 Nxe8 22.
Rxe8 Be6 23. Rxe6 a6 24. Nc3 fxg3 25. hxg3 Qxd4 26. Bd5 Qxc5 27. Be4 h6 28. Rd1 Bg7 29. Rd7 Qxf2 30. Ree7 Qf6 31. Rf7 Qe5 32. Rfe7 Qf6 33. Rxg7 Qxg7 34. Rxg7 Kxg7 35. Bxb7 Ra7 36. Bf3 Kf6 37.
g4 Ke5 38. Kd2 c5 39. Ne4 Kd4 40. Ng3 Rd7 41. b3 Rd8 42. Nf5+ Ke5+ 43. Kc3 h5 44. Nh6 Rf8 45. gxh5 Kf4 46. Ng4 Rh8 47. h6 Kg3 48.
Kc4 Kf4 49. Kxc5 Kf5 50. Kb6 Kg6 51. Kxa6 Kh5 52. b4 Kh4 53. b5 Kg3 54. b6 Kh4 55. b7 Kg3 56. Ka7 Kh4 57. a4 Rh7 58. a5 Re7 59. Nf6 g4 60. Nxg4 Kg5 61. Ka8 Kg6 62. b8=Q Kh7 63. Qb1+ Kh8 64. Qb2+ Kh7 65. Qc2+ Kh8 66.
Qc3+ Kh7 67. Qd3+ Kg8 68. Qd8+ Kf7 69. Bd5+ Kg6 70. Qxe7 Kf5 71. Qf6+ Kxg4 72. h7 Kg3 73. Qf3+ Kh4 74. h8=Q+ Kg5 1-0

[Event "Early-Titled-Tuesday-Blitz-August-29-2023"]
[Site "Chess.com"]
[Date "2023.08.29"]
[Round "10"]
[White "ElenaPershina"]
[Black "SpongeBob_03"]
[Result "0-1"]
[WhiteElo "2353"]
[BlackElo "2200"]
[TimeControl "180+1"]
[EndTime "9:55:08 PDT"]
[Termination "SpongeBob_03 won on time"]

1. c4 e6 2. g3 Nf6 3. Bg2 d5 4. Nf3 Be7 5. O-O O-O 6. b3 b6 7. d4 Bb7 8. Ne5 c5 9. Bb2 Qc7 10. cxd5 exd5 11. dxc5 bxc5 12. Nd2 Nbd7 13. Ndf3 Bd6 14.
Nxd7 Nxd7 15. Rc1 Rac8 16. Nd4 Nb6 17. Nb5 Qd7 18. Nxd6 Qxd6 19. Qd3 Rfd8 20. Rfd1 Qe6 21. h4 a5 22. Kh2 Rc7 23. Ba3 Qe7 24. Qb5 Nd7 25.
Bxd5 Rb8 26. Bxb7 Rbxb7 27. Qd3 g6 28. Bb2 f5 29. Qc3 Nf8 30. Qh8+ Kf7 31. e3 Ke8 32. Bg7 Qxg7 33. Qxg7 Rxg7 34. Rxc5 Ra7 35. Rc8+ Kf7 36. Rdd8 Ne6 37. Re8 Kf6 38. Rc6 Rge7 39. Rf8+ Ke5 40. Rfc8 Kf6 41. Kg2 Rac7 42. R8xc7 Rxc7 43. Ra6 Rc5 44. Kf3 Ke5 45. Ke2 Kd5 46. Kd3 Nc7 47. Ra7 h5 48. f3 Nb5 49. Ra6 Rc3+ 50. Kd2 Rc6 51. Rxa5 Rc5 52. a4 Nc7 53. Ra7 Rc6 54. b4 Kc4 55. b5 Rd6+ 56. Ke2 Ne6 57. Ra8 Kb4 58. Ra7 Nc5 59. Ra8 Nxa4 60. b6 Nxb6 61. Rg8 Na4 62.
e4 Nc3+ 63. Ke3 fxe4 64. fxe4 Re6 65. Kf4 Rxe4+ 66. Kg5 Rg4+ 67. Kh6 Rxg3 68. Rxg6 Rg4 69. Rf6 Rxh4 70. Kg5 Rh1 71. Rh6 h4 72. Rxh4+ Ne4+ 73. Kg4 Nf6+ 74. Kg5+ Ne4+ 0-1

[Event "Early-Titled-Tuesday-Blitz-August-29-2023"]
[Site "Chess.com"]
[Date "2023.08.29"]
[Round "10"]
[White "Iskusnyh"]
[Black "pedromartinez91"]
[Result "0-1"]
[WhiteElo "2606"]
[BlackElo "2464"]
[TimeControl "180+1"]
[EndTime "9:55:10 PDT"]
[Termination "pedromartinez91 won on time"]

1. d4 Nf6 2. c4 e5 3. dxe5 Ng4 4. e3 Nxe5 5. f4 Ng6 6. Nc3 Bc5 7. Bd3 O-O 8. Bd2 Re8 9. Qf3 Nh4 10. Qh5 Nxg2+ 11. Kd1 g6 12. Qxc5 d6 13. Qd5 Nxe3+ 14. Bxe3 Rxe3 15. Qd4 Re6 16. f5 Nc6 17. Qf2 Re5 18.
Nf3 Rxf5 19. Bxf5 Bxf5 20. Nd4 Bg4+ 21. Kc1 Ne5 22. Qg3 Qg5+ 23. Kc2 Bf5+ 24. Nxf5 Qxf5+ 25. Kb3 b5 26. cxb5 a5 27. a4 Qe6+ 28. Kc2 Qf5+ 29. Kd2 Nc4+ 30. Kc1 Re8 31. Rd1 Ne3 32. Rd2 Qf1+ 33.
Nd1 Qc4+ 34. Kb1 Qe4+ 35. Kc1 Qc4+ 36. Nc3 Nf1 37. Qd3 Re1+ 38. Kc2 Ne3+ 39. Qxe3 Rxe3 40. Rad1 Rxc3+ 41. bxc3 Qxa4+ 42. Kd3 Qxb5+ 43. Kd4 Qc5+ 44. Kd3 d5 45. Rb2 Qc4+ 46. Kc2 Qa4+ 47. Kc1 Qa3 48. Kc2 c6 49. Rb7 Kg7 50. Rf1 Qa4+ 51. Kb2 Kh6 52. Rfxf7 Kg5 53. Rxh7 Qe4 54. h4+ Kg4 55.
Rbg7 Qe2+ 56. Kb3 Qc4+ 57. Kb2 a4 58. h5 Qb3+ 59. Kc1 Qxc3+ 60. Kd1 Qd3+ 61. Ke1 Kf3 62. Rf7+ Kg3 63. Rhg7 Qc3+ 64. Kf1 Qc1+ 65. Ke2 Qc2+ 66. Ke1 Qc1+ 67. Ke2 Qc2+ 68. Ke1 d4 69. Rxg6+ Kh4 70. h6 Qxg6 71. h7 Qxf7 72. h8=Q+ Kg5 73. Qxd4 Qe6+ 74. Kf2 Qf6+ 75. Ke3 Qxd4+ 76. Kxd4 c5+ 77. Kc4 Kf5 0-1

[Event "Early-Titled-Tuesday-Blitz-August-29-2023"]
[Site "Chess.com"]
[Date "2023.08.29"]
[Round "10"]
[White "Andreikka"]
[Black "tptagain"]
[Result "1-0"]
[WhiteElo "3037"]
[BlackElo "2889"]
[TimeControl "180+1"]
[EndTime "9:55:14 PDT"]
[Termination "Andreikka won by resignation"]

1. Nf3 d5 2. g3 c6 3. Bg2 Bg4 4.
O-O e6 5. h3 Bh5 6. d3 Bd6 7.
Nbd2 Ne7 8. Qe1 a5 9. e4 a4 10. a3 O-O 11. Nh4 e5 12. Ndf3 f6 13. Nh2 Nd7 14.
f4 dxe4 15. dxe4 exf4 16. gxf4 Qc7 17. Ng4 Rae8 18. Qg3 Kh8 19. Qf2 Bc5 20. Be3 Bxe3 21. Nxe3 Nc5 22. Rae1 Ng6 23. Nef5 Ne6 24. Nxg6+ Bxg6 25. Ng3 Bf7 26. h4 b6 27. Kh1 Rd8 28. Re2 Rfe8 29. h5 Nc5 30. Re3 Be6 31. h6 gxh6 32.
Nh5 Qf7 33. Qh4 Rf8 34. Rg3 Bc4 35. Rg1 Rg8 36. Rxg8+ Rxg8 37. Nxf6 Rf8 38. e5 Nd7 39. Nxd7 Qxd7 40. Qxh6 Qf7 41. Bxc6 Bd5+ 42. Bxd5 Qxd5+ 43. Rg2 Qf7 44. e6 Qe7 45. Re2 Rf6 46. Qg5 h6 47. Qh4 Kh7 48. Kh2 Kg7 49. Qg4+ Kf8 50. f5 h5 51. Qg5 Ke8 52. Qg8+ Rf8 53. Qg6+ Kd8 54. Rd2+ Kc8 55. Kh3 Qc7 56. f6 Qe5 57. e7 Qe3+ 58. Qg3 Qe6+ 59. Kh2 Re8 60. Qf4 Kb7 61. Qf3+ Ka7 62. Re2 Qd6+ 63. Kh3 Qd7+ 64. Kh4 Qd4+ 65. Kh3 Qd7+ 66. Kh4 Qd4+ 67. Kg5 Rg8+ 68.
Kh6 Qd6 69. e8=Q Rxe8 70. Rxe8 h4 71. Re7+ Ka6 72. Qe2+ b5 73. Qe6 1-0

[Event "Early-Titled-Tuesday-Blitz-August-29-2023"]
[Site "Chess.com"]
[Date "2023.08.29"]
[Round "10"]
[White "Kubas1010"]
[Black "ErikRonka"]
[Result "1-0"]
[WhiteElo "2656"]
[BlackElo "2500"]
[TimeControl "180+1"]
[EndTime "9:55:15 PDT"]
[Termination "Kubas1010 won by checkmate"]

1. d4 d5 2. Nf3 Nf6 3. c4 e6 4. g3 dxc4 5. Bg2 a6 6. Ne5 Bb4+ 7.
Nc3 Nd5 8. Bd2 Nb6 9. e3 N8d7 10. Nxd7 Qxd7 11. O-O O-O 12. Rc1 a5 13. Ne4 Qe7 14.
a3 Bxd2 15. Nxd2 e5 16. Nxc4 Nxc4 17. Rxc4 exd4 18. Qxd4 c6 19. Qc3 Be6 20. Rd4 Rfd8 21. Rfd1 Rxd4 22. Qxd4 h6 23. Rd2 Qc7 24. f4 Re8 25. e4 Bb3 26. e5 a4 27. Be4 Qe7 28.
Bb1 g6 29. h4 h5 30. Kf2 c5 31. Qd6 b5 32. Be4 Kg7 33. Bc6 Qxd6 34. exd6 Rb8 35.
Bxb5 Rd8 36. d7 Kf6 37. Rd6+ Ke7 38. Ra6 Rb8 39. Bc6 Be6 40. Rxa4 Rxb2+ 41. Ke3 Rb8 42.
Ra7 Kd6 43. Ba4 Ke7 44. Kd3 c4+ 45. Kc3 Kd8 46. Kd4 Ke7 47. Rc7 Kd8 48. Rc5 Ke7 49. Bb5 Kd8 50. a4 Ra8 51. Ke5 Ra7 52. Kd6 Bxd7 53.
Rxc4 Bxb5 54. axb5 Rb7 55. Rc5 Rb6+ 56. Kd5 Kd7 57.
Kc4 Rb7 58. Rd5+ Ke6 59. Re5+ Kd6 60. Rd5+ Ke6 61. Rd3 Rc7+ 62. Kb4 Ra7 63. Kc5 Ra8 64. Kc6 Kf5 65. b6 f6 66. b7 Rf8 67. Kc7 Kg4 68. b8=Q Rxb8 69. Kxb8 g5 70. fxg5 fxg5 71. hxg5 Kxg5 72.
Kc7 Kg4 73. Kd6 Kf5 74. Kd5 Kg4 75. Ke4 Kh3 76. Kf4 h4 77. gxh4+ Kxh4 78. Rd6 Kh3 79. Kf3 Kh2 80. Rd5 Kg1 81. Rd4 Kh2 82. Kf2 Kh3 83. Re4 Kh2 84. Rh4# 1-0

[Event "Early-Titled-Tuesday-Blitz-August-29-2023"]
[Site "Chess.com"]
[Date "2023.08.29"]
[Round "10"]
[White "Orest_Vovk"]
[Black "Iball95"]
[Result "1-0"]
[WhiteElo "2590"]
[BlackElo "2774"]
[TimeControl "180+1"]
[EndTime "9:55:16 PDT"]
[Termination "Orest_Vovk won by checkmate"]

1. e4 c5 2. Nf3 e6 3. Nc3 Nc6 4.
Bb5 Nge7 5. O-O a6 6. Bxc6 Nxc6 7. d4 cxd4 8. Nxd4 Nxd4 9. Qxd4 b5 10. e5 Bb7 11. Ne4 Qc7 12. Nd6+ Bxd6 13. Qxd6 Qc6 14.
Qxc6 Bxc6 15. Be3 f6 16. f4 O-O 17. Bc5 Rf7 18. b4 a5 19. a3 h6 20. Rae1 axb4 21.
Bxb4 Rc8 22. f5 fxe5 23. fxe6 Rxf1+ 24. Kxf1 dxe6 25. Rxe5 Bd5 26. c3 Rc4 27. g3 Kf7 28. Kf2 g5 29. Re2 Kg6 30. Rd2 h5 31. Rd4 Rc7 32. Rd2 Rf7+ 33. Ke3 Rf3+ 34. Kd4 h4 35. gxh4 gxh4 36. Kc5 Bc4 37. Rd4 Rh3 38. Rd2 Rf3 39.
Rd4 h3 40. a4 Rf5+ 41. Kb6 Rf2 42. Bd6 Kf5 43. Bg3 Rb2 44. a5 e5 45. Rh4 e4 46.
a6 b4 47. cxb4 Rxb4+ 48. Kc5 Ra4 49. a7 Bd3 50. Rh7 e3 51. Re7 e2 52. Kb6 Bc4 53. Re5+ Kg4 54. Kb7 Rb4+ 55. Kc7 Ra4 56. Re4+ Kf3 57.
Rf4+ Ke3 58. Kb6 Kd3 59. Rf8 Rb4+ 60. Kc5 Rb5+ 61. Kc6 Ra5 62. Kb6 Rb5+ 63. Kc7 Rc5+ 64. Kd6 Rd5+ 65. Ke7 Ra5 66. a8=Q Rxa8 67. Rxa8 Kd2 68.
Rh8 Bd3 69. Rxh3 Bf5 70. Rh6 e1=Q+ 71. Bxe1+ Kxe1 72. h4 Ke2 73. Kf6 Bg4 74. Kg5 Kf3 75. Rf6+ Kg3 76. h5 Bxh5 77. Kxh5 Kg2 78. Kg6 Kg3 79. Kg7 Kg2 80. Kf7 Kg3 81. Ke6 Kg2 82.
Rf5 Kg3 83. Ra5 Kg2 84. Ra4 Kg3 85. Ke5 Kg2 86. Rf4 Kg3 87. Ke4 Kg2 88. Rf3 Kg1 89.
Ke3 Kg2 90. Ke2 Kg1 91. Rf2 Kh1 92. Kf3 Kg1 93. Kg3 Kh1 94. Rf1# 1-0

[Event "Early-Titled-Tuesday-Blitz-August-29-2023"]
[Site "Chess.com"]
[Date "2023.08.29"]
[Round "10"]
[White "TanitoluwaAps116"]
[Black "Doomfist26"]
[Result "1-0"]
[WhiteElo "2777"]
[BlackElo "2595"]
[TimeControl "180+1"]
[EndTime "9:55:16 PDT"]
[Termination "TanitoluwaAps116 won by checkmate"]

1. e4 e6 2. d4 d5 3. exd5 exd5 4. Nf3 Nc6 5. Nc3 Bb4 6. Bd3 Nf6 7. O-O O-O 8. Bg5 Be6 9. Ne2 h6 10. Bh4 Bg4 11.
c3 Bxf3 12. gxf3 Bd6 13. Bc2 g5 14. Bg3 Nh5 15. Qd3 f5 16. Rae1 Ne7 17. f4 Ng6 18. Qf3 Nhxf4 19. Bxf4 Nxf4 20. Nxf4 Bxf4 21. Re6 Kg7 22. Qh5 Rf6 23. Rfe1 Bd6 24. Bxf5 Qf8 25. Bd3 Qf7 26. Qxf7+ Kxf7 27. Rxf6+ Kxf6 28. Kg2 Rf8 29.
h3 h5 30. Be2 Rh8 31. Bf3 c6 32. Bd1 Kf5 33. Re3 g4 34. hxg4+ hxg4 35. Bc2+ Kg5 36.
Re6 Bf4 37. Rg6+ Kh4 38. Bf5 Bg5 39. Rg7 Kh5 40. Rxb7 Rf8 41. Be6 Bh6 42. Rf7 Re8 43.
Rf5+ Kg6 44. Bf7+ Kxf5 45. Bxe8 Bc1 46. b3 Bb2 47. Bxc6 Bxc3 48. Bxd5 Bxd4 49. Kg3 Bc5 50.
Bc6 a5 51. Bd7+ Ke4 52. Bxg4 Kd3 53. Be6 Kc3 54. f4 Kb2 55. Kg4 Bb4 56. a4 Kc3 57. f5 Be7 58. Kh5 Kd4 59. Kg6 Ke5 60. Bc4 Bf6 61. b4 axb4 62. a5 Bd8 63. a6 Bb6 64.
f6 Kd4 65. f7 Bc5 66. a7 Kxc4 67. a8=Q b3 68. Qe4+ Kc3 69. Qe5+ Kb4 70. Qxc5+ Kxc5 71. f8=Q+ Kc4 72. Qf2 Kc3 73. Qe3+ Kc2 74. Qe4+ Kc3 75. Qc6+ Kd2 76. Qd5+ Kc2 77. Qc4+ Kb2 78. Kf5 Ka3 79.
Qa6+ Kb2 80. Ke4 Kc3 81. Qa5+ Kc2 82. Qc5+ Kb1 83. Kd3 b2 84. Qc2+ Ka1 85. Qa4+ Kb1 86. Kc3 Kc1 87. Qc2# 1-0